 Dungeon Crawl Stone Soup version 0.24-a0-809-g71cb82dfb8 (webtiles) character file.

Game seed: 11222857435148547489, levelgen mode: deterministic

1262 HumanIsDead the Ducker (level 8, -9/62 HPs)
             Began as a Human Ice Elementalist on Oct 11, 2019.
             Was a Follower of Okawaru.
             Mangled by an ice beast (12 damage)
             ... on level 6 of the Dungeon.
             The game lasted 00:19:52 (7585 turns).

HumanIsDead the Ducker (Human Ice Elementalist)     Turns: 7585, Time: 00:19:53

Health: -9/62      AC:  8    Str:  8    XL:     8   Next: 81%
Magic:  20/20      EV: 12    Int: 18    God:    Okawaru [*.....]
Gold:   300        SH:  9    Dex: 14    Spells: 7/11 levels left

rFire    + . .     SeeInvis .   d - +0 short sword
rCold    . . .     Gourm    .   z - +1 shield {rPois}
rNeg     . . .     Faith    .   r - +2 robe {rF+}
rPois    +         Spirit   .   (no helmet)
rElec    .         Reflect  .   s - +2 cloak
rCorr    .         Harm     .   i - +0 pair of gloves
MR       .....                  (no boots)
Stlth    ++........             (no amulet)
HPRegen  0.20/turn              b - ring of magical power
MPRegen  0.17/turn              p - ring of poison resistance

@: no status effects
A: no striking features
a: Heroism, Renounce Religion


You were on level 6 of the Dungeon.
You worshipped Okawaru.
Okawaru was aware of your devotion.
You were near starving.

You visited 2 branches of the dungeon, and saw 7 of its levels.

You collected 300 gold pieces.

Inventory:

Hand Weapons
 d - a +0 short sword (weapon)
 x - a +0 trident
Missiles
 e - 157 stones (quivered)
Armour
 i - a +0 pair of gloves (worn)
 r - a +2 robe of fire resistance (worn)
 s - a +2 cloak (worn)
 z - a +1 shield of poison resistance (worn)
Magical Staves
 E - an uncursed staff of summoning
Jewellery
 b - a ring of magical power (left hand)
 o - a +3 ring of dexterity
 p - a ring of poison resistance (right hand)
Scrolls
 a - a scroll of identify
 g - a scroll of amnesia {unknown}
 k - 2 scrolls of remove curse
 n - 3 scrolls of teleportation
 t - a scroll of fog
 v - 3 scrolls of enchant weapon {unknown}
 y - a scroll of random uselessness {unknown}
 A - a scroll of immolation {unknown}
Potions
 f - a potion of brilliance {unknown}
 h - 4 potions of mutation
 j - a potion of haste {unknown}
 l - 3 potions of heal wounds {unknown}
 m - a potion of cancellation {unknown}
 q - a potion of flight {unknown}
 w - 3 potions of agility {unknown}
 B - a potion of curing {unknown}
 D - a potion of berserk rage {unknown}
Comestibles
 c - 11 rations


   Skills:
 - Level 5.0 Fighting
 + Level 3.7 Polearms
 - Level 5.1 Dodging
 - Level 2.0 Stealth
 + Level 3.7 Shields
 - Level 2.0 Spellcasting
   Level 1.0 Conjurations
 - Level 5.0 Ice Magic


You had 7 spell levels left.
You knew the following spells:

 Your Spells              Type           Power        Failure   Level  Hunger
a - Freeze                Ice            ###.         10%         1    #......
b - Ozocubu's Armour      Chrm/Ice       ##......     63%         3    ###....

Your spell library contained the following spells:

 Spells                   Type           Power        Failure   Level  Hunger
 Throw Frost              Conj/Ice       ##....       32%         2    ###....
 Throw Icicle             Conj/Ice       ##......     91%         4    #####..
 Summon Ice Beast         Ice/Summ       ##......     95%         4    #####..


Dungeon Overview and Level Annotations

Branches:
Dungeon (6/15)             Temple (1/1) D:5

Altars:
Cheibriados
Elyvilon
Fedhas
Gozag
Kikubaaqudgha
Makhleb
Nemelex Xobeh
Okawaru
Qazlal
Ru
Sif Muna
Trog
Uskayaw
Vehumet
Wu Jian
Xom
Zin
The Shining One

Annotations:
D:1 exclusion: gnoll


Message History

You barely miss the ice beast.
The ice beast is severely wounded.
The ice beast hits you. The ice beast freezes you!
* * * LOW HITPOINT WARNING * * *
You block the ice beast's attack.
You barely miss the ice beast.
The ice beast is severely wounded.
You block the ice beast's attack.
You hit the ice beast but do no damage.
The ice beast is severely wounded.
The ice beast hits you.
* * * LOW HITPOINT WARNING * * *
The ice beast freezes you!
* * * LOW HITPOINT WARNING * * *
You closely miss the ice beast.
The ice beast is severely wounded.
The ice beast hits you.
* * * LOW HITPOINT WARNING * * *
The ice beast freezes you!
You die...

...#... #......#
......
...............#
#.......#
...............#
#.[.....# ... .. #.#
#.......# ..
.#....##..###........
..
#.#.#................
.#
.....................
.# .................#
.###...#.#.....Y@....#
............#........#
.........#...........#
.Y<..........#.......#
..........## #.......#
.......... .......#.#
.....##... ..........#
.....# .. ..........#
....... . ....... ..


You could see an ice beast.

Vanquished Creatures
  Sigmund (D:2)
  A water moccasin (D:5)
  A sky beast (D:5)
  An ice beast (D:5)
  2 ogres (D:5)
  A centaur (D:5)
  A scorpion (D:4)
  A water moccasin skeleton (D:6)
  4 orc wizards
  An orc priest (D:5)
  Crazy Yiuf (D:2)
  Terence (D:2)
  2 worker ants
  A hound skeleton (D:4)
  A gnoll (D:1)
  7 adders
  An adder skeleton (D:4)
  3 worms
  4 leopard geckos
  15 orcs
  4 ball pythons
  6 giant cockroaches
  8 goblins
  11 hobgoblins
  10 jackals
  9 kobolds
  4 quokkas
  4 bats
  4 frilled lizards
  A leopard gecko skeleton (D:4)
  A quokka zombie (D:6)
  8 rats
  A fungus (D:2)
121 creatures vanquished.

Vanquished Creatures (others)
  A giant cockroach (D:3)
1 creature vanquished.

Grand Total: 122 creatures vanquished

Notes
Turn   | Place    | Note
-------+----------+-------------------------------------------
     0 | D:1      | HumanIsDead the Human Ice Elementalist began the quest for
                  | the Orb.
     0 | D:1      | Reached XP level 1. HP: 13/13 MP: 3/3
   305 | D:1      | Reached XP level 2. HP: 17/19 MP: 5/5
   580 | D:1      | Reached XP level 3. HP: 25/25 MP: 4/6
   698 | D:1      | Reached skill level 1 in Fighting
  1393 | D:2      | Reached XP level 4. HP: 32/32 MP: 0/7
  1814 | D:2      | Found a hide-covered altar of Uskayaw.
  1878 | D:2      | Noticed Terence
  1917 | D:2      | Killed Terence
  2158 | D:2      | Reached XP level 5. HP: 21/38 MP: 2/8
  2522 | D:2      | Noticed Sigmund
  2539 | D:2      | Killed Sigmund
  2539 | D:2      | Reached XP level 6. HP: 47/47 MP: 1/9
  2979 | D:2      | Found a runed translucent door.
  2980 | D:2      | Noticed Crazy Yiuf
  2987 | D:2      | Killed Crazy Yiuf
  3273 | D:3      | Learned a level 3 spell: Ozocubu's Armour
  3279 | D:3      | Found a burning altar of Makhleb.
  3491 | D:3      | Reached XP level 7. HP: 42/52 MP: 0/10
  3549 | D:3      | Reached skill level 5 in Ice Magic
  3762 | D:3      | Found a stormy altar of Qazlal.
  4007 | D:3      | Found a bloodstained altar of Trog.
  5228 | D:5      | Entered Level 5 of the Dungeon
  5416 | D:5      | Reached skill level 5 in Dodging
  5786 | D:5      | Reached XP level 8. HP: 47/61 MP: 11/11
  5878 | D:5      | Reached skill level 1 in Polearms
  5878 | D:5      | Reached skill level 1 in Shields
  5987 | D:5      | Found a staircase to the Ecumenical Temple.
  6001 | Temple   | Entered the Ecumenical Temple
  6211 | Temple   | Became a worshipper of Warmaster Okawaru
  6285 | D:5      | Reached skill level 5 in Fighting
  7061 | D:5      | Reached * piety under Okawaru
  7585 | D:6      | HP: 3/62 [ice beast (3)]
  7585 | D:6      | Mangled by an ice beast

Levels and vault maps discovered:
D:1:      dpeg_arrival_round_c, layout_loops_ring, hangedman_decor_lopped,
          minmay_octomino_e4
D:2:      layout_loops_corners, eat_drink_and_be_merry_uskayaw, serial_forest,
          infiniplex_forest_lined_corner, infiniplex_forest_clump_cross,
          infiniplex_forest_clump_medium, infiniplex_forest_clump_long,
          infiniplex_forest_straight_5, first_ration, hangedman_decor_riveting,
          uniq_crazy_yiuf_cottage, uniq_sigmund, uniq_terence
D:3:      wad_crossroads, layout_loops_ring, lightli_temple_of_fire,
          grunt_qazlal_clouds, lemuel_doored_altar,
          chequers_serial_rivers_micro_c
D:4:      layout_cave_pods
D:5:      layout_basic, minmay_temple_entry_junction
D:6:      layout_basic, nicolae_dithmenos_the_darkroom, minivault_24
Temple:   eino_temple_water

Skill      XL: |  1  2  3  4  5  6  7  8 |
---------------+-------------------------+-----
Fighting       | 1 2 3 4 5 |  5.0
Dodging        | 3 4 5 |  5.1
Ice Magic      | 4 5 |  5.0
Polearms       | 3 |  3.7
Shields        | 3 |  3.7
Stealth        | |  2.0
Spellcasting   | |  2.0
Conjurations   | |  1.0

Action                   |  1- 3 |  4- 6 |  7- 9 || total
-------------------------+-------+-------+-------++-------
Melee: Short sword       |    30 |    37 |   151 ||   218
Throw: Stone             |     1 |     2 |       ||     3
 Cast: Freeze            |    44 |    69 |   100 ||   213
       Ozocubu's Armour  |       |       |     1 ||     1
Invok: Heroism           |       |       |     1 ||     1
  Use: Scroll            |       |       |     6 ||     6
 Stab: Sleeping          |     1 |       |     1 ||     2
  Eat: Chunk             |     2 |     7 |    10 ||    19
       Ration            |       |       |     1 ||     1
Armor: Robe              |     7 |    13 |    71 ||    91
Dodge: Dodged            |    45 |    48 |   143 ||   236
Block: Shield            |       |       |    35 ||    35

Table legend:
 A = Non-vault XP
 B = Vault XP
 C = Vault XP percentage of total XP
 D = Non-vault monster count
 E = Vault monster count
 F = Vault count percentage of total count
                 A         B        C        D         E       F
            +---------+---------+-------+---------+---------+-------
      Total |    1483 |     320 |  17.7 |     107 |      13 |  10.8
            +---------+---------+-------+---------+---------+-------
        D:1 |      57 |       9 |  13.6 |      26 |       6 |  18.8
        D:2 |      70 |     303 |  81.2 |      24 |       3 |  11.1
        D:3 |     139 |       8 |   5.4 |      22 |       4 |  15.4
        D:4 |     212 |       0 |   0.0 |      17 |       0 |   0.0
        D:5 |     919 |       0 |   0.0 |      15 |       0 |   0.0
        D:6 |      86 |       0 |   0.0 |       3 |       0 |   0.0
            +---------+---------+-------+---------+---------+-------
